 Dungeon Crawl Stone Soup version 0.29-a0-221-gceb61267dd (webtiles) character file.

Game seed: 7503927692365817156

1267 cyrus the Cleaver (level 8, -1/71 HPs)
             Began as a Hill Orc Fighter on Feb 26, 2022.
             Was an Initiate of Beogh.
             Slain by an ogre
             ... wielding a +0 giant club
              (10 damage)
             ... on level 5 of the Dungeon.
             The game lasted 00:09:45 (5801 turns).

cyrus the Cleaver (Hill Orc Fighter)                Turns: 5801, Time: 00:09:45

Health: -1/71      AC: 15    Str: 19    XL:     8   Next: 52%
Magic:  8/8        EV:  7    Int: 10    God:    Beogh [......]
Gold:   504        SH:  4    Dex: 10    Spells: 7/7 levels left

rFire   . . .      SeeInvis .   a - +0 war axe
rCold   . . .      Faith    .   c - +0 buckler
rNeg    . . .      Spirit   .   j - +0 chain mail
rPois   .          Reflect  .   e - +2 helmet
rElec   .          Harm     .   n - +0 cloak
rCorr   .          Rampage  .   (no gloves)
Will    .....                   z - +0 pair of boots
Stlth   ..........              (no amulet)
HPRegen 0.21/turn               (no ring)
MPRegen 0.11/turn               (no ring)

@: no status effects
A: no striking features
a: Renounce Religion


You were on level 5 of the Dungeon.
You worshipped Beogh.
Beogh was noncommittal.
You visited 1 branch of the dungeon, and saw 5 of its levels.
You also visited: Sewer and Ossuary.

You collected 504 gold pieces.

Inventory:

Hand Weapons
 a - a +0 war axe (weapon)
Armour
 b - a +0 scale mail
 c - a +0 buckler (worn)
 e - a +2 helmet (worn)
 j - a +0 chain mail (worn)
 n - a +0 cloak (worn)
 z - a +0 pair of boots (worn)
Jewellery
 o - a ring of ice
 A - a ring of wizardry
Scrolls
 d - 4 scrolls of enchant armour {unknown}
 m - 4 scrolls of teleportation {unknown}
 u - a scroll of fear {unknown}
 v - 2 scrolls of magic mapping {unknown}
 w - 4 scrolls of identify {unknown}
 x - a scroll of summoning {unknown}
 y - a scroll of fog {unknown}
 B - a scroll of silence {unknown}
Potions
 f - a potion of ambrosia {unknown}
 g - 2 potions of attraction {unknown}
 h - a potion of lignification {unknown}
 i - 2 potions of degeneration {unknown}
 k - a potion of mutation {unknown}
 l - a potion of cancellation {unknown}
 p - 5 potions of curing {unknown}
 q - a potion of resistance {unknown}
 r - a potion of magic {unknown}
 s - 2 potions of haste {unknown}
 t - 2 potions of invisibility {unknown}


   Skills:
 + Level 6.4 Fighting
 + Level 9.7 Axes
 + Level 5.5 Armour
 + Level 0.8 Dodging
 + Level 0.3 Stealth
 + Level 4.7 Shields


You had 7 spell levels left.
You didn't know any spells.
Your spell library contained the following spells:

 Spells                   Type           Power      Damage    Failure   Level
 Ensorcelled Hibernation  Hex/Ice        0%         N/A       100%        2
 Sublimation of Blood     Necr           0%         N/A       100%        2
 Wereblood                Tmut           0%         N/A       100%        2
 Spider Form              Tmut/Pois      0%         N/A       100%        3
 Anguish                  Hex/Necr       0%         N/A       100%        4
 Summon Hydra             Summ           0%         N/A       100%        7


Dungeon Overview and Level Annotations

Branches:
Dungeon (5/15)              Sewer (visited)         Ossuary (visited)
 Temple: D:4-7

Altars:


Message History

The hornet barely misses you.
You miss the hornet.
The hornet is severely wounded.
You feel sick. The hornet barely misses you. The hornet stings you.
You feel yourself slow down.
You slash the hornet!
You kill the hornet!
Beogh accepts your kill.
You feel sick.
You feel yourself speed up.
You feel sick.
You see here a hornet corpse.
You start resting.
You feel sick. x2
You are no longer poisoned.
You start resting.
An ogre comes into view. It is wielding a +0 giant club.
An ogre is nearby!
An ogre is nearby!
The ogre shouts!
You slash the ogre!
The ogre is heavily wounded.
The ogre closely misses you.
You barely miss the ogre.
The ogre is heavily wounded.
The ogre hits you with a +0 giant club!!
* * * LOW HITPOINT WARNING * * *
You hit the ogre.
The ogre is severely wounded.
The ogre hits you but does no damage.
You see here a hornet corpse.
The ogre hits you with a +0 giant club.
* * * LOW HITPOINT WARNING * * *
The ogre closely misses you.
You slash the ogre!
The ogre is almost dead.
You block the ogre's attack.
You hit the ogre.
The ogre is almost dead.
The ogre hits you with a +0 giant club!
You die...

.. #.####.## ..
#.# #.# .
###.####.# #
....#....# ###
#........# ..#
#.#..###.# ..#
#.....#..## ..#
#########..#...#
..#
#......@O..#.###
..#
..########.#...#
..#
############.#.###
#...
#.........##.#.#
.#.
...........#.#.###
#.#........#.....#
#.#####†##.#.### #
#........#...#
#.##.###.#####


You could see an ogre.

Vanquished Creatures
  A hornet (D:5)
  A black bear (D:5)
  A sky beast (D:5)
  2 ogres
  2 kobold brigands (Sewer)
  A human zombie (Ossuary)
  3 hounds (D:5)
  A gnoll shaman (D:5)
  An iguana (D:5)
  Natasha (D:2)
  2 orc wizards (D:5)
  2 mummies (Ossuary)
  4 gnolls (D:5)
  7 adders
  6 river rats
  A shadow imp (D:5)
  3 worms
  A dart slug (D:1)
  9 orcs
  6 ball pythons
  5 bats
  6 endoplasms
  6 giant cockroaches
  4 gnoll zombies (Ossuary)
  13 goblins
  7 hobgoblins
  5 quokkas
  5 frilled lizards
  4 goblin zombies (Ossuary)
  3 hobgoblin zombies (Ossuary)
  23 kobolds
  2 orc zombies (Ossuary)
  2 quokka zombies (D:4)
  28 rats
168 creatures vanquished.

Vanquished Creatures (others)
  An orc priest (D:5)
1 creature vanquished.

Grand Total: 169 creatures vanquished

Notes
Turn   | Place    | Note
-------+----------+-------------------------------------------
     0 | D:1      | cyrus the Hill Orc Fighter began the quest for the Orb.
     0 | D:1      | Reached XP level 1. HP: 19/19 MP: 1/1
   145 | D:1      | Reached XP level 2. HP: 26/27 MP: 2/2
   543 | D:1      | Reached skill level 3 in Axes
   543 | D:1      | Reached XP level 3. HP: 29/33 MP: 3/3
  1348 | D:2      | Noticed Natasha
  1362 | D:2      | Killed Natasha
  1363 | D:2      | Reached XP level 4. HP: 19/41 MP: 4/4
  1785 | D:3      | Found a glowing drain.
  1814 | Sewer    | Entered a sewer
  1830 | Sewer    | Reached skill level 4 in Axes
  1993 | Sewer    | Reached XP level 5. HP: 40/47 MP: 5/5
  2381 | Sewer    | Noticed a kobold brigand
  2393 | Sewer    | Killed a kobold brigand
  2394 | Sewer    | Reached skill level 5 in Axes
  2394 | Sewer    | Reached XP level 6. HP: 33/55 MP: 6/6
  2876 | Sewer    | Reached skill level 5 in Fighting
  4320 | D:4      | Reached skill level 6 in Axes
  4368 | D:4      | Reached XP level 7. HP: 46/61 MP: 7/7
  4471 | D:4      | Found a sand-covered staircase.
  4500 | Ossuary  | Entered an ossuary
  5225 | D:5      | Entered Level 5 of the Dungeon
  5260 | D:5      | Reached skill level 7 in Axes
  5288 | D:5      | Reached skill level 5 in Armour
  5298 | D:5      | Reached skill level 8 in Axes
  5298 | D:5      | Reached XP level 8. HP: 47/70 MP: 8/8
  5443 | D:5      | Became a worshipper of Beogh the Brigand
  5670 | D:5      | Reached skill level 9 in Axes
  5727 | D:5      | Noticed a hornet
  5738 | D:5      | Paralysed by a hornet for 2 turns
  5744 | D:5      | Killed a hornet
  5801 | D:5      | Slain by an ogre

Illustrated notes

Levels and vault maps discovered:
D:1:      dpeg_arrival_pits, layout_basic
D:2:      kennysheep_the_goblin_king, layout_rooms, patterned_corridor,
          uniq_natasha
D:3:      layout_rooms, portal_sewer_entry_b, kennysheep_generic_room_2
D:4:      layout_rooms, enter_ossuary_4
D:5:      layout_basic, xom_butterflies, mainiacjoe_overflow_alcove_4,
          grunt_ministairs_14

Skill      XL: |  1  2  3  4  5  6  7  8 |
---------------+-------------------------+-----
Fighting       | 4 5 6 |  6.4
Axes           | 3 4 5 6 8 9 |  9.7
Shields        | 4 |  4.7
Armour         | 4 5 |  5.5
Dodging        | |  0.8
Stealth        | |  0.3

Action                   |  1- 3 |  4- 6 |  7- 9 || total
-------------------------+-------+-------+-------++-------
Melee: War axe           |   115 |   180 |   148 ||   443
Invok: Convert to Beogh  |       |       |     1 ||     1
  Use: Potion            |       |     2 |     1 ||     3
Armor: Scale mail        |    57 |       |       ||    57
       Chain mail        |    41 |   133 |    96 ||   270
Dodge: Dodged            |    71 |    67 |    61 ||   199
Block: Buckler           |    32 |    55 |    31 ||   118

Table legend: (Time is in decaauts)
 A = Elapsed time spent in this place.
 B = Non-inter-level travel time spent in this place.
 C = Inter-level travel time spent in this place.
 D = Time resting spent in this place.
 E = Time spent auto-exploring this place.
 F = Levels seen in this place.
 G = Mean time per level.
                   A        B        C        D        E       F      G
               +--------+--------+--------+--------+--------+-----+--------+
         Total |   5972 |   5831 |    141 |   1652 |   2783 |   7 |  853.1 |
       Dungeon |   3739 |   3598 |    141 |    419 |   2185 |   5 |  747.8 |
         Sewer |   1929 |   1929 |      0 |   1063 |    565 |   1 | 1929.0 |
       Ossuary |    304 |    304 |      0 |    170 |     33 |   1 |  304.0 |
               +--------+--------+--------+--------+--------+-----+--------+

Top non-repeatable levels by time:
   Sewer: 1929 daAuts
     D:1: 954 daAuts
     D:2: 883 daAuts
     D:3: 681 daAuts
     D:4: 635 daAuts
     D:5: 584 daAuts
 Ossuary: 304 daAuts
